[Event "Late-Titled-Tuesday-Blitz-May-28-2024"]
[Site "Chess.com"]
[Date "2024.05.28"]
[Round "11"]
[White "hansen"]
[Black "K_A_S_T_O_R"]
[Result "0-1"]
[WhiteElo "3048"]
[BlackElo "2871"]
[TimeControl "180+1"]
[EndTime "16:04:45 PDT"]
[Termination "K_A_S_T_O_R won on time"]

1. e4 c5 2. Nf3 d6 3. d4 cxd4 4.
Nxd4 Nf6 5. Nc3 a6 6. h3 e6 7. g4 h6 8. Bg2 Be7 9. Be3 Nc6 10. Qe2 Nxd4 11. Bxd4 e5 12. Be3 b5 13. O-O-O b4 14.
Nd5 Nxd5 15. exd5 O-O 16. Kb1 f5 17. f4 exf4 18. Bxf4 fxg4 19. Bd2 Bf6 20. hxg4 a5 21. Rde1 Ra7 22. Be4 Bg5 23. Rhg1 Bxd2 24. Qxd2 Qg5 25. Qh2 Rf4 26. Bf5 Bxf5 27. gxf5 Qxf5 28. Qxh6 Rf2 29. Re8+ Kf7 30. Qe6+ Qxe6 31. Rxe6 Rc7 32. Rxd6 Rcxc2 33. Rd7+ Ke8 34. Rgxg7 Rxb2+ 35. Kc1 Rxa2 36. Kb1 b3 37. Rde7+ Kf8 0-1

[Event "Late-Titled-Tuesday-Blitz-May-28-2024"]
[Site "Chess.com"]
[Date "2024.05.28"]
[Round "11"]
[White "Msb2"]
[Black "Grebnev_A"]
[Result "1-0"]
[WhiteElo "3037"]
[BlackElo "2695"]
[TimeControl "180+1"]
[EndTime "16:04:48 PDT"]
[Termination "Msb2 won by checkmate"]

1. d4 Nf6 2. c4 e6 3. Nc3 Bb4 4. e3 O-O 5. Bd2 d5 6. Nf3 b6 7. cxd5 exd5 8. Rc1 a6 9. Bd3 Bd6 10. O-O Nbd7 11. e4 dxe4 12. Nxe4 Nxe4 13. Bxe4 Rb8 14. Bg5 Nf6 15. Qc2 h6 16. Bh4 Qe8 17. Bxf6 gxf6 18. Rfe1 Qb5 19. d5 Bd7 20. Nd4 Qb4 21.
Qd3 Rbe8 22. Re2 Re5 23. a3 Qa4 24. f4 Re7 25. Qg3+ Kh8 26. b4 Rfe8 27. Rce1 Rxe4 28.
Rxe4 Rxe4 29. Rxe4 Qd1+ 30. Qe1 Qd3 31. h3 Qxa3 32. Re8+ Bxe8 33. Qxe8+ Kg7 34. Nf5+ Kg6 35. Nh4+ Kh5 36. Qe2+ Kxh4 37. Qg4# 1-0

[Event "Late-Titled-Tuesday-Blitz-May-28-2024"]
[Site "Chess.com"]
[Date "2024.05.28"]
[Round "11"]
[White "HowTo2Draw"]
[Black "manitodeplomo"]
[Result "0-1"]
[WhiteElo "2589"]
[BlackElo "2544"]
[TimeControl "180+1"]
[EndTime "16:04:51 PDT"]
[Termination "manitodeplomo won by resignation"]

1. e4 c5 2. Nf3 e6 3. d4 cxd4 4. Nxd4 a6 5. Bd3 Bc5 6. Nb3 Be7 7. O-O d6 8. a4 b6 9. Be3 Nf6 10. a5 b5 11. Bb6 Qd7 12. f4 O-O 13. N1d2 Nc6 14. Nf3 Bb7 15. e5 Nd5 16. Be4 Nxb6 17. axb6 Qd8 18. Kh1 Qxb6 19. exd6 Rfd8 20. Ng5 g6 21.
Nxf7 Kxf7 22. f5 exf5 23. Bxf5 Kg7 24. Be6 Bf6 25. Rxf6 Kxf6 26. Qf3+ Kxe6 27. Re1+ Kxd6 28. Qf4+ Kd7 29. Qf7+ Kc8 30. h4 Qc7 31. Qe6+ Qd7 32. Qe3 Qg4 33. Qb6 Qxh4+ 34. Kg1 Qxe1+ 0-1

[Event "Late-Titled-Tuesday-Blitz-May-28-2024"]
[Site "Chess.com"]
[Date "2024.05.28"]
[Round "11"]
[White "Rodalquilar"]
[Black "DucksParadise"]
[Result "0-1"]
[WhiteElo "2768"]
[BlackElo "2577"]
[TimeControl "180+1"]
[EndTime "16:04:53 PDT"]
[Termination "DucksParadise won by checkmate"]

1. d4 f5 2. Nf3 Nf6 3. g3 e6 4. Bg2 d5 5. O-O Be7 6. c4 c6 7. b3 Ne4 8. Ba3 h5 9. Qc1 h4 10. Bxe7 Qxe7 11. Nxh4 Qf6 12. Nf3 g5 13. Qc3 Nxc3 14. Nxc3 g4 15. Ne5 Nd7 16. cxd5 exd5 17. Nd3 Qh6 18. h4 gxh3 19. Bf3 h2+ 20. Kh1 Nf6 21. Nf4 Ne4 22. Bxe4 fxe4 23. Nd1 Bd7 24. Ne3 O-O-O 25. b4 Rdf8 26. b5 Rxf4 27. gxf4 Qxf4 28.
bxc6 bxc6 29. Rab1 Bh3 30. Rfc1 Qxf2 31. Rxc6+ Kd7 32. Rc3 Rb8 33. Rbc1 Qxe2 34. a4 Qf3+ 35. Kxh2 Rb2+ 36. Kg1 Qf2+ 37. Kh1 Bg2+ 38. Kh2 Bf1+ 39. Kh1 Bg2+ 40. Kh2 Bf3+ 41. Kh3 Qh2# 0-1

[Event "Late-Titled-Tuesday-Blitz-May-28-2024"]
[Site "Chess.com"]
[Date "2024.05.28"]
[Round "11"]
[White "el008"]
[Black "ZachHKL"]
[Result "0-1"]
[WhiteElo "2539"]
[BlackElo "2402"]
[TimeControl "180+1"]
[EndTime "16:04:54 PDT"]
[Termination "ZachHKL won by resignation"]

1. Nf3 d5 2. g3 g6 3. Bg2 Bg7 4. d4 Nf6 5. O-O O-O 6. c4 c6 7. b3 Bf5 8. Bf4 Nbd7 9. Nbd2 Ne4 10. Nxe4 Bxe4 11. e3 h6 12. h4 e6 13. g4 Bxf3 14.
Bxf3 Qxh4 15. Kg2 Qf6 16. Rh1 g5 17. Bd6 Rfe8 18. cxd5 exd5 19. Bg3 Qg6 20. Be2 Qe4+ 21. Kg1 Nf6 22. Be5 Rxe5 23. Bf3 Qg6 24. dxe5 Nd7 25.
Rc1 Nxe5 26. Be2 Qe4 27. Rh3 Rd8 28. Bf3 Qg6 29. Bg2 Qe6 30. Rg3 Ng6 31. Qd3 Be5 32. Rh3 Qxg4 33. f3 Qe6 34. Rxh6 Kg7 35. Rh5 d4 36. Rxg5 Bf6 37. Rg4 dxe3 38. Qe4 Qxe4 39. Rxe4 Bd4 40. Kf1 f5 41. Re6 Kf7 42. Rxg6 Kxg6 43.
Ke2 Bb6 44. Rc2 Kg5 45. b4 Kf4 46. a4 Rd4 47. a5 Bc7 48. Rb2 a6 49. Bh3 Bd6 50.
Kf1 Bxb4 51. Ke2 Rd2+ 52. Rxd2 Bxd2 53. Kd3 Kxf3 54. Bxf5 e2 55. Kxd2 Kf2 0-1

[Event "Late-Titled-Tuesday-Blitz-May-28-2024"]
[Site "Chess.com"]
[Date "2024.05.28"]
[Round "11"]
[White "YellowJacek"]
[Black "GoValya"]
[Result "1-0"]
[WhiteElo "2362"]
[BlackElo "2215"]
[TimeControl "180+1"]
[EndTime "16:04:54 PDT"]
[Termination "YellowJacek won by resignation"]

1. e4 e6 2. d4 d5 3. Nc3 Nf6 4.
e5 Nfd7 5. f4 c5 6. Nf3 Nc6 7.
Be3 cxd4 8. Nxd4 Bb4 9. a3 Bxc3+ 10. bxc3 Qa5 11. Qd2 O-O 12. Bd3 Nc5 13. Nb3 Nxd3+ 14. cxd3 Qc7 15. O-O b6 16. a4 Na5 17. Nxa5 bxa5 18.
Bd4 Ba6 19. f5 exf5 20. Rxf5 Bc8 21. Rf3 Be6 22. Rg3 g6 23. Qh6 Rfb8 24. Rf1 Rb2 25.
h3 Rab8 26. Rf4 Rb1+ 27. Kh2 Ra1 28. Rh4 Rbb1 29. Qxh7+ Kf8 30. Qh8+ Ke7 31. Qf6+ Kd7 32. Rxg6 Rh1+ 33. Kg3 Kc6 34. Rg8 Qd7 35. Rd8 Qc7 36. Rd6+ Kb7 37. Rh7 Rad1 38. Rxe6 Rxd3+ 39. Kh4 Rxd4+ 40. cxd4 1-0

[Event "Late-Titled-Tuesday-Blitz-May-28-2024"]
[Site "Chess.com"]
[Date "2024.05.28"]
[Round "11"]
[White "carokannlover213"]
[Black "Magicmaster17"]
[Result "1-0"]
[WhiteElo "2769"]
[BlackElo "2865"]
[TimeControl "180+1"]
[EndTime "16:04:56 PDT"]
[Termination "carokannlover213 won by resignation"]

1. e4 e5 2. Nf3 Nc6 3. Bb5 a6 4. Ba4 Bc5 5. O-O Nge7 6. c3 Ba7 7. d4 Ng6 8. Bg5 f6 9. Be3 O-O 10. Nbd2 d6 11. Re1 Kh8 12. h3 exd4 13. cxd4 f5 14. Bg5 Nce7 15. exf5 Bxf5 16. Nh4 Rf7 17. Nxg6+ Bxg6 18. Qe2 Bxd4 19. Nf3 Bf6 20. Bxf6 gxf6 21. Qe6 Qg8 22.
Rac1 Bf5 23. Qe3 Bxh3 24. Nh4 Qg4 25. Qxh3 Qxa4 26. Rxe7 Qxa2 27. Rcxc7 Raf8 28. Ng6+ Kg8 29. Nxf8 1-0

[Event "Late-Titled-Tuesday-Blitz-May-28-2024"]
[Site "Chess.com"]
[Date "2024.05.28"]
[Round "11"]
[White "ManMish2"]
[Black "atalz0"]
[Result "0-1"]
[WhiteElo "2640"]
[BlackElo "2501"]
[TimeControl "180+1"]
[EndTime "16:04:56 PDT"]
[Termination "atalz0 won by resignation"]

1. e4 d5 2. exd5 Nf6 3. d4 Nxd5 4. Nf3 Bg4 5. Be2 Nc6 6. O-O e6 7. Nc3 Nxc3 8. bxc3 Bd6 9. h3 Bh5 10. Bg5 Be7 11.
Be3 O-O 12. c4 b6 13. Rb1 Na5 14. Rb5 Bxf3 15. Bxf3 c6 16. Rb1 Nxc4 17. Bxc6 Rc8 18. Be4 f5 19. Bf3 Nxe3 20. fxe3 Bg5 21. Qd3 Qc7 22.
Qb3 Qc4 23. Rfe1 Qxb3 24. cxb3 Rc3 25. e4 Be3+ 26. Kh1 Bxd4 27. exf5 exf5 28. Rbd1 Bc5 29. Rd7 a5 30. Bd5+ Kh8 31. Bc4 Re3 32. Red1 h6 33. Rb7 f4 34. Rdd7 Re1+ 35. Kh2 Bg1+ 36. Kh1 Bf2+ 0-1

[Event "Late-Titled-Tuesday-Blitz-May-28-2024"]
[Site "Chess.com"]
[Date "2024.05.28"]
[Round "11"]
[White "nocnypako"]
[Black "bubeliang"]
[Result "0-1"]
[WhiteElo "2691"]
[BlackElo "2794"]
[TimeControl "180+1"]
[EndTime "16:05:01 PDT"]
[Termination "bubeliang won by resignation"]

1. d4 d5 2. Bf4 c5 3. e3 Nc6 4. c3 Qb6 5. Qb3 c4 6. Qxb6 axb6 7. Nd2 e6 8. a3 Nf6 9. h3 Be7 10. Ngf3 O-O 11. Be2 Bd7 12. O-O Nh5 13. Bh2 f5 14. Ne5 Nf6 15. Nxd7 Nxd7 16. Rad1 Nf6 17. Rfe1 Ne4 18.
Nxe4 fxe4 19. f3 Bg5 20. fxe4 Bxe3+ 21. Kh1 Bf2 22. Rf1 dxe4 23. Bxc4 Rae8 24. Bd6 Rf6 25. g4 e3 26. Kg2 Kh8 27. Be2 h6 28. Bh2 Ne7 29.
Bg3 Nd5 30. Bxf2 exf2 31. Rxf2 Ne3+ 32. Kg3 Rxf2 33. Kxf2 Nxd1+ 34. Bxd1 Kg8 35. Bf3 Rb8 36. Ke3 Kf7 37. Kf4 Kf6 38. Be4 g5+ 39. Ke3 Ke7 40.
a4 Kd6 41. b3 Kc7 42. c4 Rf8 43. Bf3 Rf4 44. d5 exd5 45. Bxd5 Rf1 0-1

[Event "Late-Titled-Tuesday-Blitz-May-28-2024"]
[Site "Chess.com"]
[Date "2024.05.28"]
[Round "11"]
[White "NikitaShnadrygin"]
[Black "FairChess_on_YouTube"]
[Result "0-1"]
[WhiteElo "2737"]
[BlackElo "3075"]
[TimeControl "180+1"]
[EndTime "16:05:05 PDT"]
[Termination "FairChess_on_YouTube won by resignation"]

1. Nf3 a5 2. g3 Ra6 3. Bg2 h5 4. d4 Nf6 5. c4 g6 6. Nc3 Bg7 7. e4 d6 8. h3 Nc6 9. Be3 O-O 10. Qd2 e5 11. Rd1 exd4 12. Nxd4 Re8 13. O-O a4 14. f4 Na5 15. Qe2 Qe7 16. Rfe1 Qf8 17.
Qf1 c6 18. b4 axb3 19. axb3 h4 20. b4 hxg3 21. bxa5 Rxa5 22. Ra1 Rh5 23. Ra8 Nd7 24. Rb1 Nc5 25. Rd1 Bd7 26. Rxe8 Qxe8 27. Re1 Qd8 28. Qf3 Qa5 29. Rc1 Nd3 30. Rc2 Ne1 31. Qd1 Nxc2 32.
Qxc2 Qa1+ 33. Nd1 0-1

[Event "Late-Titled-Tuesday-Blitz-May-28-2024"]
[Site "Chess.com"]
[Date "2024.05.28"]
[Round "11"]
[White "Flaccidmoves"]
[Black "RichardShtivelband"]
[Result "1-0"]
[WhiteElo "2490"]
[BlackElo "2379"]
[TimeControl "180+1"]
[EndTime "16:05:05 PDT"]
[Termination "Flaccidmoves won by checkmate"]

1. Nf3 f5 2. d3 Nf6 3. e4 fxe4 4. dxe4 e5 5. Nxe5 Qe7 6. Nf3 Qxe4+ 7. Be2 Bb4+ 8. c3 Bc5 9. O-O O-O 10. Nbd2 Qg6 11. b4 Bb6 12. Nc4 d5 13. Nxb6 axb6 14. Bf4 c6 15.
Bg3 Ne4 16. Ne5 Qf6 17. Qd4 Nd7 18.
Nxd7 Bxd7 19. Qxb6 Nxc3 20. Bd3 Bc8 21. Rae1 Nxa2 22.
Be5 Qd8 23. Qd4 Qd7 24. f4 b6 25. f5 Ba6 26. Bxa6 Rxa6 27. f6 g6 28. Ra1 Ra4 29.
Qb2 Rxb4 30. Qxa2 Re4 31. Bg3 Qe6 32. Qa7 Rxf6 33. Qb8+ Kg7 34. Ra7+ Kh6 35. Rxf6 Qxf6 36. h3 Qe6 37. Qf8+ Kh5 38. Rxh7+ Kg5 39. h4+ Kg4 40.
Qf3# 1-0

[Event "Late-Titled-Tuesday-Blitz-May-28-2024"]
[Site "Chess.com"]
[Date "2024.05.28"]
[Round "11"]
[White "Onthequiet"]
[Black "nabukatnezarr"]
[Result "0-1"]
[WhiteElo "2438"]
[BlackElo "2633"]
[TimeControl "180+1"]
[EndTime "16:05:09 PDT"]
[Termination "nabukatnezarr won by resignation"]

1. d4 a5 2. Nf3 a4 3. g3 Nf6 4. Bg2 e6 5. O-O d5 6. c4 Nbd7 7. Nc3 a3 8. b3 Bb4 9. Bd2 Bxc3 10. Bxc3 O-O 11. Bb4 Re8 12. Qc1 dxc4 13. bxc4 Nb6 14. e3 Bd7 15. Ne5 Qc8 16. Bxa3 Ba4 17. Bb2 c6 18. h3 Nbd7 19. Nd3 Qc7 20. g4 Nf8 21. g5 N6d7 22. Qc3 Ng6 23. f4 Nh4 24. Rf2 Nf5 25. Re1 b5 26. c5 Nf8 27. Nb4 Ne7 28. a3 Nd5 29. Bxd5 exd5 30. Bc1 Re4 31. Rg2 Rae8 32.
Rf1 Ng6 33. Qd2 Nh4 34. Rg4 Nf5 35. Qf2 Nxe3 36. Bxe3 Rxe3 37. Rg3 Re2 38. Qf3 g6 39. h4 R2e4 40. h5 Rxd4 41. h6 Ree4 42. Rg4 Qe7 43. Nxc6 Qxc5 44. Nxd4 Qxd4+ 45. Qf2 Re3 46. Re1 Rxe1+ 47.
Kg2 Qe4+ 48. Kg3 Re3+ 49. Kh4 Qh1+ 0-1

[Event "Late-Titled-Tuesday-Blitz-May-28-2024"]
[Site "Chess.com"]
[Date "2024.05.28"]
[Round "11"]
[White "Robert_Oros"]
[Black "th3d4rkness"]
[Result "1/2-1/2"]
[WhiteElo "2428"]
[BlackElo "2198"]
[TimeControl "180+1"]
[EndTime "16:05:09 PDT"]
[Termination "Game drawn by repetition"]

1. d4 Nf6 2. c4 e6 3. Nf3 Bb4+ 4. Nbd2 d5 5. Qa4+ Nc6 6. a3 Be7 7. e3 O-O 8. Qc2 a6 9. Bd3 h6 10. b3 Re8 11. Bb2 Bf8 12. Rg1 dxc4 13. Nxc4 b5 14. Nce5 Nxe5 15. dxe5 Nd5 16. Rd1 Qe7 17. Nd4 c5 18.
Nf3 Bb7 19. Qe2 Rac8 20. Nd2 Nb6 21. Bb1 Red8 22. f4 c4 23. bxc4 Nxc4 24. Nxc4 Rxd1+ 25. Qxd1 bxc4 26. Qc2 g6 27. g3 c3 28. Bc1 Qc5 29. Rf1 Bc6 30. Ba2 Bb5 31. Rf2 Bc4 32. Bxc4 Qxc4 33. e4 Rd8 34. Rf3 Qd4 35. Rxc3 Qg1+ 36.
Ke2 Qg2+ 37. Ke1 Qg1+ 38. Ke2 Qxh2+ 39. Kf3 Qh1+ 40. Qg2 Qd1+ 41. Qe2 Qh1+ 42. Qg2 Qd1+ 43. Qe2 Qh1+ 44. Qg2 1/2-1/2

[Event "Late-Titled-Tuesday-Blitz-May-28-2024"]
[Site "Chess.com"]
[Date "2024.05.28"]
[Round "11"]
[White "Cuchulin"]
[Black "Caterpiller35"]
[Result "0-1"]
[WhiteElo "2257"]
[BlackElo "2462"]
[TimeControl "180+1"]
[EndTime "16:05:14 PDT"]
[Termination "Caterpiller35 won on time"]

1. d4 Nf6 2. Bf4 d5 3. e3 c5 4. Nc3 a6 5. Nf3 Nc6 6. Be2 Bg4 7. h3 Bxf3 8. Bxf3 e6 9. O-O cxd4 10. exd4 Bd6 11. Bxd6 Qxd6 12. a3 O-O 13. Na4 Rfc8 14. Nc5 b6 15. Nb3 Na5 16. Nxa5 bxa5 17. Qd2 Rab8 18. b3 a4 19. bxa4 Rc4 20. Rab1 Rxa4 21. Rxb8+ Qxb8 22. Qc3 Rc4 23. Qd3 Qb2 24. Bd1 Rxd4 25. Qxa6 g6 26. a4 Kg7 27. a5 Ra4 28. Qa7 Qb5 29. c4 Qxa5 30. Qxa5 Rxa5 31. cxd5 Rxd5 32.
Bf3 Rd2 33. Ra1 h5 34. h4 Rd4 35. g3 e5 36. Ra7 e4 37. Be2 Rd2 38. Bc4 Rd7 39. Ra8 Ng4 40. Be2 Ne5 41. Re8 f6 42. Ra8 Rd2 43. Kf1 Rb2 44. Ra1 f5 45. Ra7+ Kf6 46.
Ra6+ Ke7 47. Ra5 Ke6 48. Ra6+ Kd5 49. Ra5+ Kd4 0-1

[Event "Late-Titled-Tuesday-Blitz-May-28-2024"]
[Site "Chess.com"]
[Date "2024.05.28"]
[Round "11"]
[White "KirAk47"]
[Black "LiemLe"]
[Result "0-1"]
[WhiteElo "2621"]
[BlackElo "3022"]
[TimeControl "180+1"]
[EndTime "16:05:15 PDT"]
[Termination "LiemLe won by resignation"]

1. e4 c5 2. Nf3 e6 3. b3 a6 4. Bb2 d5 5. exd5 exd5 6. d4 Nf6 7. Be2 Bd6 8. O-O O-O 9. dxc5 Bxc5 10. Nc3 Nc6 11. Na4 Ba7 12. Nd4 Re8 13. Nxc6 bxc6 14. c4 Be6 15. Rc1 Ne4 16. cxd5 Bxd5 17. Bf3 Qh4 18. Bd4 Bxd4 19. Qxd4 Rad8 20. Nc3 Qh6 21. Nxd5 cxd5 22. Rfe1 Qg6 23. g3 h5 24. h4 Nxg3 25.
Rxe8+ Rxe8 26. Qxd5 Ne2+ 27. Kh2 Nxc1 28. Bxh5 Qe6 29.
Qc4 Qxc4 30. bxc4 Rc8 31. Bd1 Rxc4 0-1

[Event "Late-Titled-Tuesday-Blitz-May-28-2024"]
[Site "Chess.com"]
[Date "2024.05.28"]
[Round "11"]
[White "TheAlienParty"]
[Black "Bilan_Danila"]
[Result "0-1"]
[WhiteElo "2401"]
[BlackElo "2572"]
[TimeControl "180+1"]
[EndTime "16:05:15 PDT"]
[Termination "Bilan_Danila won by checkmate"]

1. c4 c6 2. Nf3 d5 3. e3 Nf6 4. b3 Bf5 5. Bb2 e6 6. Be2 h6 7.
O-O Nbd7 8. d3 Bc5 9. Nbd2 O-O 10. a3 a5 11. Qc2 Re8 12. Bc3 Qe7 13. e4 dxe4 14.
dxe4 Bg6 15. Ne5 Nxe5 16. Bxe5 Bxa3 17. Bxf6 gxf6 18. f4 f5 19. e5 Rad8 20. Kh1 Rd7 21. Nb1 Bb4 22. Nc3 Red8 23. Rfd1 Qc5 24. Bf3 Qe3 25.
Ne2 Rd2 26. Rxd2 Rxd2 27. Qc1 Rxe2 28. Bxe2 Qxe2 29. Qd1 Qxd1+ 30. Rxd1 Bh5 31. Rd7 b5 32. Rc7 bxc4 33. bxc4 c5 34. h3 Be2 35. Kh2 Bxc4 36.
g4 a4 37. g5 h5 38. Kg3 a3 39. Kh4 Be2 40. Ra7 Be1# 0-1

[Event "Late-Titled-Tuesday-Blitz-May-28-2024"]
[Site "Chess.com"]
[Date "2024.05.28"]
[Round "11"]
[White "Oleksandr_Bortnyk"]
[Black "TigrVShlyape"]
[Result "1-0"]
[WhiteElo "3031"]
[BlackElo "2916"]
[TimeControl "180+1"]
[EndTime "16:05:19 PDT"]
[Termination "Oleksandr_Bortnyk won by resignation"]

1. e4 e5 2. Nf3 Nc6 3. Bb5 Nf6 4.
d3 d6 5. Nc3 Bd7 6. a3 g6 7. Bg5 h6 8. Be3 Bg7 9. Qd2 Ng4 10. h3 Nxe3 11. fxe3 a6 12. Bc4 Be6 13. Bxe6 fxe6 14. O-O-O Qe7 15. d4 exd4 16. exd4 O-O-O 17. d5 exd5 18. exd5 Ne5 19. Rhe1 h5 20. Qf2 Kb8 21. Nd4 Qg5+ 22. Kb1 Rdf8 23. Qg1 Qh4 24. Ne6 Rf7 25.
Re4 Qf6 26. Rb4 Bh6 27. Ne4 Qe7 28. Qd4 Re8 29. Qc3 Qd7 30. N4c5 dxc5 31. Nxc5 Qc8 32. Nxa6+ Ka8 33. Nc5 b6 34. Qb3 Bf8 35. Ra4+ Kb8 36. Na6+ Kb7 37. d6 Qe6 38. Nc5+ 1-0

[Event "Late-Titled-Tuesday-Blitz-May-28-2024"]
[Site "Chess.com"]
[Date "2024.05.28"]
[Round "11"]
[White "rhungaski"]
[Black "Jahonas"]
[Result "1-0"]
[WhiteElo "2619"]
[BlackElo "2469"]
[TimeControl "180+1"]
[EndTime "16:05:21 PDT"]
[Termination "rhungaski won by resignation"]

1. b3 e5 2. Bb2 Nc6 3. c4 Nf6 4. e3 d5 5. cxd5 Nxd5 6. a3 Be7 7. Qc2 O-O 8. Nf3 Bf6 9. d3 a5 10.
Nbd2 Be6 11. Be2 Qe7 12. O-O Rfd8 13. Rac1 g6 14. Ne4 Bg7 15. Nc5 Bc8 16. Rfe1 b6 17. Ne4 Bb7 18. Bf1 Rac8 19. Ned2 Kh8 20. Nc4 f5 21. e4 fxe4 22. Rxe4 Nf6 23. Ree1 Nd7 24. d4 Qf7 25. dxe5 Nc5 26. Ng5 Qe7 27. h4 Ne6 28. Nxe6 Qxe6 29. Rcd1 Rxd1 30. Qxd1 Rd8 31. Qf3 Rf8 32. Qg3 Ne7 33. Bd3 Nf5 34. Bxf5 Rxf5 35. Ne3 Rf8 36. Ng4 Bd5 37. b4 axb4 38. axb4 Ra8 39. f3 h5 40. Nf6 Ra2 41. Bc3 Bxf6 42. exf6 Qf7 43. Re7 1-0

[Event "Late-Titled-Tuesday-Blitz-May-28-2024"]
[Site "Chess.com"]
[Date "2024.05.28"]
[Round "11"]
[White "OIAM03"]
[Black "djjohnnywoo"]
[Result "1-0"]
[WhiteElo "2046"]
[BlackElo "2113"]
[TimeControl "180+1"]
[EndTime "16:05:23 PDT"]
[Termination "OIAM03 won by resignation"]

1. e4 g6 2. d4 Bg7 3. c4 d6 4. Nc3 c6 5. Nf3 Bg4 6. Be2 Nd7 7. h3 Bxf3 8. Bxf3 e5 9. Be3 Ngf6 10. O-O O-O 11. Qd2 Re8 12. Rad1 Qa5 13. dxe5 dxe5 14.
Bh6 Bxh6 15. Qxh6 Nf8 16. Bg4 Qc5 17. b3 Rad8 18. Qg5 Rxd1 19. Rxd1 Nxg4 20. Qxg4 Qb4 21. Qf3 Qe7 22. Qd3 Qg5 23. Ne2 Ne6 24. Qc3 Qh5 25.
Re1 Rd8 26. Ng3 Qg5 27. Qb4 Rd2 28. Qxb7 Rxf2 29. Kxf2 Qf4+ 30. Kg1 Qxg3 31. Rf1 Qe3+ 32. Kh1 Qg3 33. Qxf7+ Kh8 34. Qxe6 1-0

[Event "Late-Titled-Tuesday-Blitz-May-28-2024"]
[Site "Chess.com"]
[Date "2024.05.28"]
[Round "11"]
[White "nindjaxx8"]
[Black "Chaubunagungamaug1"]
[Result "1-0"]
[WhiteElo "2620"]
[BlackElo "2464"]
[TimeControl "180+1"]
[EndTime "16:05:25 PDT"]
[Termination "nindjaxx8 won on time"]

1. d4 d5 2. c4 c6 3. Nc3 Nf6 4. cxd5 cxd5 5. Bf4 Nc6 6. e3 a6 7. Nf3 Bg4 8. Be2 e6 9. O-O Bd6 10. Bxd6 Qxd6 11. Rc1 O-O 12. h3 Bh5 13. Nd2 Bg6 14. Nb3 Nd7 15. Na4 Rac8 16. Nbc5 Rc7 17. Qd2 Nxc5 18. Rxc5 Rfc8 19. Rfc1 Ne7 20. Qa5 Rxc5 21. Rxc5 Rxc5 22. dxc5 Qd7 23. Nb6 Qd8 24. b4 Nc6 25. Qa4 h6 26. Bxa6 Qc7 27. Bf1 Kh7 28. Qb3 d4 29.
Bd3 dxe3 30. Bxg6+ fxg6 31. Qxe3 Nxb4 32. Qd4 Nc6 33.
Qe4 Ne5 34. Qd4 Nc6 35. Qe3 e5 36. Qe4 Qe7 37. Qd5 Qf6 38. Nd7 Qf4 39. g3 Qc1+ 40. Kg2 h5 41. Nf8+ Kh6 42. Qg8 Qc2 43. h4 Qe4+ 44. Kh2 g5 45. Qh8+ 1-0

[Event "Late-Titled-Tuesday-Blitz-May-28-2024"]
[Site "Chess.com"]
[Date "2024.05.28"]
[Round "11"]
[White "dolynachess"]
[Black "MaxLeto"]
[Result "1-0"]
[WhiteElo "2509"]
[BlackElo "2384"]
[TimeControl "180+1"]
[EndTime "16:05:26 PDT"]
[Termination "dolynachess won on time"]

1. d4 h5 2. c4 h4 3. Nc3 d6 4.
e4 h3 5. g3 e5 6. d5 a5 7. Be3 Na6 8. Be2 Be7 9. Nf3 Nf6 10.
Nd2 Nc5 11. a3 b6 12. b4 Ncd7 13. Nb3 O-O 14. O-O Nb8 15. c5 a4 16. Nd2 dxc5 17.
bxc5 Bxc5 18. Bxc5 bxc5 19. Nxa4 Nbd7 20. Qc2 Qe7 21.
Rfc1 Ra5 22. Rab1 Ne8 23. Rb5 Rxb5 24. Bxb5 Nd6 25. Bf1 Nb7 26. Bxh3 Nb6 27. Bxc8 Rxc8 28. Nxc5 Nd6 29. Nd3 Nb5 30. Nf3 Nxa3 31. Qb3 Kh8 32. Ndxe5 Ra8 33. d6 cxd6 34. Nxf7+ Kh7 35. N7g5+ Kg6 36.
Qxb6 1-0

[Event "Late-Titled-Tuesday-Blitz-May-28-2024"]
[Site "Chess.com"]
[Date "2024.05.28"]
[Round "11"]
[White "jcmesafischer"]
[Black "N_Mullodzhanov"]
[Result "0-1"]
[WhiteElo "2359"]
[BlackElo "2484"]
[TimeControl "180+1"]
[EndTime "16:05:26 PDT"]
[Termination "N_Mullodzhanov won on time"]

1. e4 c6 2. Nc3 d5 3. Nf3 Bg4 4.
h3 Bxf3 5. Qxf3 e6 6. d3 Bc5 7. g3 Nd7 8. Bg2 Ngf6 9. Qe2 O-O 10. O-O a5 11. Kh2 Qc7 12. Bf4 Bd6 13. Bd2 Ne8 14.
f4 d4 15. Nd1 e5 16. f5 Be7 17. Nf2 Qd8 18. h4 b5 19. Nh3 c5 20. a4 b4 21.
Ng1 Ndf6 22. Bh3 b3 23. cxb3 Qb6 24. Ra3 c4 25. bxc4 Bxa3 26. bxa3 Qb3 27. g4 Qxa3 28. g5 Nd7 29. f6 Nc5 30. fxg7 Nxg7 31. Nf3 Qxd3 32.
Qg2 Nxe4 33. Be1 Qxc4 34. Nxe5 Qc7 35. Qxe4 Rae8 36. Bg3 d3 37. h5 Nxh5 38. Qd5 Nxg3 39. Re1 Ne2 40. Kg2 Qxe5 41. Qxd3 Qxg5+ 42. Kh1 Ng3+ 43. Kh2 Rxe1 44. Qxg3 Qxg3+ 45. Kxg3 f5 0-1

[Event "Late-Titled-Tuesday-Blitz-May-28-2024"]
[Site "Chess.com"]
[Date "2024.05.28"]
[Round "11"]
[White "WilsonPalencia21"]
[Black "Redzishchess"]
[Result "1-0"]
[WhiteElo "2584"]
[BlackElo "2460"]
[TimeControl "180+1"]
[EndTime "16:05:27 PDT"]
[Termination "WilsonPalencia21 won by resignation"]

1. d4 d5 2. c4 e6 3. Nf3 c6 4. Nc3 dxc4 5. a4 Nf6 6. Bg5 Nbd7 7. e3 Bb4 8. Bxc4 Qa5 9. Qd3 Ne4 10. Qxe4 Bxc3+ 11. Ke2 Nb6 12. bxc3 Nxc4 13. Qd3 Nd6 14. Rhc1 b6 15.
c4 Ba6 16. Bf4 Rd8 17. Bxd6 Rxd6 18. Qc3 Qxc3 19. Rxc3 Ke7 20. a5 b5 21. c5 b4+ 22.
Kd1 bxc3 23. cxd6+ Kxd6 24. Kc2 Rb8 25. Kxc3 f6 26.
Nd2 h5 27. Ne4+ Ke7 28. Nc5 Bb5 29. f4 g5 30. g3 h4 31. fxg5 fxg5 32. gxh4 gxh4 33.
Rg1 Rf8 34. Rg7+ Rf7 35. Rxf7+ Kxf7 36. e4 Kf6 37. Kd2 e5 38. Nd7+ Kg5 39. dxe5 Kf4 40. e6 Kxe4 41. e7 c5 42. e8=Q+ 1-0

[Event "Late-Titled-Tuesday-Blitz-May-28-2024"]
[Site "Chess.com"]
[Date "2024.05.28"]
[Round "11"]
[White "Bala-Afiada"]
[Black "PNEPaul"]
[Result "1-0"]
[WhiteElo "2034"]
[BlackElo "1920"]
[TimeControl "180+1"]
[EndTime "16:05:27 PDT"]
[Termination "Bala-Afiada won by resignation"]

1. d4 Nf6 2. c4 c5 3. d5 Ne4 4. Qc2 Qa5+ 5. Nd2 Nf6 6. Nf3 d6 7. e3 g6 8. Bd3 Bg7 9. O-O O-O 10.
Ne4 Nxe4 11. Bxe4 Nd7 12. Bd2 Qd8 13. Bc3 Nf6 14. Bd3 Bg4 15. Nd2 a6 16. f3 Bd7 17. e4 b5 18. b3 b4 19. Bb2 a5 20.
h3 Qc7 21. f4 a4 22. Rae1 axb3 23. axb3 Ra2 24. Ra1 Rfa8 25. Rxa2 Rxa2 26. Qb1 Ra8 27.
e5 Ne8 28. Nf3 Qc8 29. Kh2 Bf5 30. Bxf5 Qxf5 31. Qxf5 gxf5 32. Ra1 Rxa1 33. Bxa1 Nc7 34. Nh4 dxe5 35. fxe5 Bh6 36. Nxf5 Bf8 37. d6 exd6 38. exd6 Ne6 39. Bf6 h5 40. d7 1-0

[Event "Late-Titled-Tuesday-Blitz-May-28-2024"]
[Site "Chess.com"]
[Date "2024.05.28"]
[Round "11"]
[White "luca_va99"]
[Black "neilbhav"]
[Result "0-1"]
[WhiteElo "2199"]
[BlackElo "2404"]
[TimeControl "180+1"]
[EndTime "16:05:29 PDT"]
[Termination "neilbhav won on time"]

1. e4 e5 2. Nf3 Nc6 3. Bc4 Bc5 4. O-O Nf6 5. d4 Bxd4 6. Nxd4 Nxd4 7. Bg5 h6 8. Bh4 g5 9. f4 gxf4 10. Rxf4 d5 11. Rxf6 dxc4 12. Re6+ Bxe6 13. Bxd8 Rxd8 14. Nc3 Nb3 15. Qf1 Nxa1 16. Qxa1 Ke7 17. Qe1 c6 18. Qh4+ f6 19. Qf2 Rd4 20. Qe3 b6 21. h3 h5 22.
Ne2 Rd1+ 23. Kh2 h4 24. Qa3+ Rd6 25. Qxa7+ Rd7 26. Qxb6 Rhd8 27. Qc5+ Kf7 28. Ng1 Rd2 29. Qb6 Rg8 30. Qc7+ Bd7 31. Ne2 Ke7 32. Kh1 Rxe2 33. c3 Rgxg2 34. b3 Rgf2 35. Kg1 Rxa2 36. bxc4 Rfb2 0-1